 Dungeon Crawl Stone Soup version 0.29.1-14-g9c671dbff4 (webtiles) character file.

Game seed: 6765565395595692413

2303 protoss039 the Digger (level 9, -7/68 HPs)
             Began as a Demonspawn Earth Elementalist on Feb 17, 2023.
             Mangled by a gnoll sergeant
             ... wielding a +0 glaive
              (8 damage)
             ... in a bailey.
             The game lasted 00:09:41 (6184 turns).

protoss039 the Digger (DsEE)                        Turns: 6184, Time: 00:09:41

Health: -7/68      AC:  7    Str: 15    XL:     9   Next: 18%
Magic:  14/17      EV: 12    Int: 20    God:
Gold:   267        SH:  4    Dex: 10    Spells: 9/18 levels left

rFire   + + .      SeeInvis .   i - +5 trident of the Evening {spect, rElec rPois rN+++ Dex-4}
rCold   . . .      Faith    .   v - +0 buckler
rNeg    + + +      Spirit   .   z - +2 leather armour {rF+}
rPois   +          Reflect  .   (helmet restricted)
rElec   +          Harm     .   y - +0 cloak
rCorr   .          Rampage  .   l - +0 pair of gloves
Will    .....                   (no boots)
Stlth   ++........              n - amulet of magic regeneration
HPRegen 0.21/turn               g - +6 ring of strength
MPRegen 0.55/turn               s - ring of protection from fire

@: weakened
A: antennae 1, ignite blood 2, sturdy frame 1, demonic magic 1
a: no special abilities


You were in a bailey.
You visited 1 branch of the dungeon, and saw 7 of its levels.
You also visited: Bailey.

You collected 267 gold pieces.

Inventory:

Hand Weapons
 i - the +5 trident of the Evening (weapon) {spect, rElec rPois rN+++ Dex-4}
   (You found it on level 2 of the Dungeon)

   When its wielder attacks, the weapon's spirit leaps out and strikes again.
   The spirit shares a part of any damage it takes with its wielder.
   Dex:       It affects your dexterity (-4).
   rElec:     It insulates you from electricity.
   rPois:     It protects you from poison.
   rN:        It renders you almost immune to negative energy.
 A - the +4 mace of Jiufyrch {freeze, rElec rC+}
   (You found it on level 5 of the Dungeon)

   It freezes those it strikes, dealing additional cold damage.
   It can also slow down cold-blooded creatures.
   rC:        It protects you from cold.
   rElec:     It insulates you from electricity.
Missiles
 E - 2 throwing nets
Armour
 l - a +0 pair of gloves (worn)
 v - a +0 buckler (worn)
 y - a +0 cloak (worn)
 z - a +2 leather armour of fire resistance (worn)
 D - a +0 ring mail of willpower
Jewellery
 g - a +6 ring of strength (left hand)
 n - an amulet of magic regeneration (around neck)
 s - a ring of protection from fire (right hand)
 B - a +4 ring of evasion
Wands
 C - a wand of flame (16)
Scrolls
 e - a scroll of noise {unknown}
 h - 2 scrolls of teleportation
 m - a scroll of identify
 o - 2 scrolls of immolation
 p - a scroll of brand weapon {unknown}
 r - a scroll of blinking {unknown}
 u - 2 scrolls of butterflies
 x - a scroll of amnesia {unknown}
Potions
 a - a potion of curing {unknown}
 b - a potion of magic
 c - 2 potions of might
 d - a potion of attraction {unknown}
 f - a potion of flight {unknown}
 j - 2 potions of ambrosia
 k - a potion of heal wounds
 q - 2 potions of lignification
 t - a potion of haste {unknown}
 w - a potion of mutation {unknown}


   Skills:
 + Level 5.2 Fighting
 - Level 3.0 Dodging
 - Level 1.7 Stealth
 * Level 4.5 Shields
 + Level 5.3 Spellcasting
 + Level 3.4 Conjurations
 - Level 1.0 Transmutations
 - Level 3.0 Air Magic
 + Level 5.6 Earth Magic


You had 9 spell levels left.
You knew the following spells:

 Your Spells              Type           Power      Damage    Failure   Level
a - Sandblast             Erth           56%        2d13      1%          1
b - Passwall              Tmut/Erth      15%        N/A       6%          2
c - Stone Arrow           Conj/Erth      46%        3d9       7%          3
d - Swiftness             Air            17%        N/A       13%         3

Your spell library contained the following spells:

 Spells                   Type           Power      Damage    Failure   Level
 Freeze                   Ice            20%        1d4       16%         1
 Summon Small Mammal      Summ           20%        N/A       16%         1
 Blink                    Tloc           10%        N/A       22%         2
 Ensorcelled Hibernation  Hex/Ice        10%        N/A       22%         2
 Spider Form              Tmut/Pois      7%         N/A       36%         3
 Petrify                  Tmut/Erth      18%        N/A       36%         4
 Call Canine Familiar     Summ           5%         N/A       41%         3
 Frozen Ramparts          Ice            10%        1d2       41%         3
 Gell's Gravitas          Tloc           5%         N/A       41%         3
 Summon Guardian Golem    Hex/Summ       5%         N/A       41%         3
 Teleport Other           Tloc           5%         N/A       41%         3
 Hailstorm                Conj/Ice       12%        3d5       58%         4
 Anguish                  Hex/Necr       2%         N/A       83%         4
 Manifold Assault         Tloc           5%         N/A       99%         5
 Dispersal                Tloc           2%         N/A       100%        6
 Storm Form               Tmut/Air       6%         N/A       100%        7


Dungeon Overview and Level Annotations

Branches:
Dungeon (7/15) Zot: 26926  Bailey (1/1) Zot: 5798
 Temple: D:4-7

Altars:
Ashenzari
Fedhas
Hepliaklqana
Nemelex Xobeh
Sif Muna
Xom

Shops:
D:1 [[


Innate Abilities, Weirdness & Mutations

You have a pair of small antennae on your head.
Your demonic aura often causes spilled blood to erupt in flames.
Your movements are slightly less encumbered by armour. (ER -2)
Spells you cast may paralyse adjacent enemies.


Message History

The gnoll sergeant hits you from afar with a +0 glaive!!
* * * LOW HITPOINT WARNING * * *
Unknown command.
Unknown command.
Your attacks no longer feel as feeble.
Unknown command.
Unknown command.
Casting: Sandblast (safe; 1% risk of failure)
Confirm with . or Enter, or press ? or * to list all spells.
Aiming: Sandblast (safe; 1% risk of failure)
Press: ? - help, Shift-Dir - straight line, f/p - gnoll bouda
Aim: a gnoll bouda, wielding a +0 halberd and wearing a +0 ring mail (lightly wounded, 87% to hit)
The blast of sand hits the gnoll bouda!
The gnoll bouda is heavily wounded.
Malevolent energies surge around you.
Unknown command.
The gnoll bouda gazes fiercely through you!
You feel your attacks grow feeble.
Unknown command.
Casting: Sandblast (safe; 1% risk of failure)
Confirm with . or Enter, or press ? or * to list all spells.
Aiming: Sandblast (safe; 1% risk of failure)
Press: ? - help, Shift-Dir - straight line, f/p - gnoll bouda
Aim: a gnoll bouda, wielding a +0 halberd and wearing a +0 ring mail (heavily wounded, 87% to hit)
The blast of sand hits the gnoll sergeant but does no damage.
Malevolent energies surge around you. You block the gnoll sergeant's attack.
The gnoll sergeant completely misses you.
Unknown command.
Casting: Sandblast (safe; 1% risk of failure)
Confirm with . or Enter, or press ? or * to list all spells.
Aiming: Stone Arrow (dangerous; 7% risk of failure)
Press: ? - help, Shift-Dir - straight line, f/p - gnoll bouda
Aim: a gnoll bouda, wielding a +0 halberd and wearing a +0 ring mail (heavily wounded, 79% to hit)
The stone arrow hits the gnoll bouda.
The gnoll bouda is almost dead.
Malevolent energies surge around you.
The gnoll bouda hits you from afar with a +0 halberd!
* * * LOW HITPOINT WARNING * * *
The gnoll sergeant hits you from afar with a +0 glaive!
You die...

#...≈≈♣♣ #..≈.♣ #..≈.♣♣
#..≈..♣♣ #### #..≈...♣
##...# { #..≈...♣
#.....######..≈...♣♣
...$.).#g.)'..)....♣♣♣#
...8.).'g.@'..)...∩..∩#
...$.).#°..'.......♣♣♣#
#....g######..≈...♣♣
##...# { #..≈..♣♣ ####
#..≈..♣ #..≈..♣ #..≈.♣♣
#..≈.♣


You could see a gnoll sergeant (swift) and a gnoll bouda.

Vanquished Creatures
  Pikel (D:6)
  Grinder (D:5)
  Prince Ribbit (D:6)
  Eustachio (D:5)
  2 orc warriors (D:6)
  A phantom (D:4)
  2 lemures (D:6)
  Blork the orc (D:6)
  2 bullfrogs
  A gnoll sergeant (Bailey)
  A scorpion (D:5)
  4 crimson imps (D:4)
  3 orc priests
  5 hounds
  A jelly (D:6)
  3 iguanas
  4 orc wizards
  9 gnolls
  An adder (D:4)
  A white imp (D:6)
  2 worms
  4 dart slugs
  15 orcs
  4 ball pythons
  5 endoplasms
  5 giant cockroaches
  5 goblins
  3 hobgoblins
  4 jackals (D:5)
  4 quokkas
  3 bats (D:2)
  A frilled lizard (D:3)
  7 kobolds
  5 rats
112 creatures vanquished.

Vanquished Creatures (others)
  2 goblins (D:7)
  A quokka (D:6)
3 creatures vanquished.

Grand Total: 115 creatures vanquished

Notes
Turn   | Place    | Note
-------+----------+-------------------------------------------
     0 | D:1      | protoss039 the Demonspawn Earth Elementalist began the
                  | quest for the Orb.
     0 | D:1      | Reached XP level 1. HP: 13/13 MP: 3/3
    91 | D:1      | Gained mutation: Your demonic aura sometimes causes spilled
                  | blood to erupt in flames. [demonic ancestry]
    91 | D:1      | Reached XP level 2. HP: 20/20 MP: 0/5
   169 | D:1      | Found a faded altar of an unknown god.
   206 | D:1      | Found Icusom's Antique Armour Shop.
   248 | D:1      | Reached skill level 1 in Fighting
   508 | D:1      | Found Atijett's Armour Boutique.
  1023 | D:1      | Reached XP level 3. HP: 26/26 MP: 3/6
  1303 | D:1      | Learned a level 2 spell: Passwall
  1308 | D:1      | Learned a level 3 spell: Stone Arrow
  1325 | D:2      | Identified the +5 trident of the Evening {spect, rElec
                  | rPois rN+++ Dex-4}
  1920 | D:3      | Found a shimmering blue altar of Sif Muna.
  1957 | D:3      | Found a hazy altar of Hepliaklqana.
  2160 | D:3      | Found a sparkling altar of Nemelex Xobeh.
  2226 | D:3      | Reached XP level 4. HP: 33/33 MP: 8/8
  2315 | D:4      | Found a blossoming altar of Fedhas.
  2485 | D:4      | Found a shimmering altar of Xom.
  2499 | D:4      | Gained mutation: Your demonic aura often causes spilled
                  | blood to erupt in flames. [demonic ancestry]
  2499 | D:4      | Reached XP level 5. HP: 25/39 MP: 8/10
  2781 | D:4      | Noticed a phantom
  2787 | D:4      | Killed a phantom
  2788 | D:4      | Gained mutation: Spells you cast may paralyse adjacent
                  | enemies. [demonic ancestry]
  2788 | D:4      | Reached XP level 6. HP: 43/47 MP: 11/11
  3091 | D:4      | Learned a level 3 spell: Swiftness
  3471 | D:5      | Entered Level 5 of the Dungeon
  3496 | D:5      | Reached skill level 1 in Transmutations
  3679 | D:5      | Noticed Grinder
  3682 | D:5      | Killed Grinder
  3683 | D:5      | Reached skill level 1 in Shields
  3683 | D:5      | Reached skill level 1 in Conjurations
  3683 | D:5      | Reached skill level 1 in Air Magic
  3683 | D:5      | Gained mutation: Your movements are slightly less
                  | encumbered by armour. (ER -2) [demonic ancestry]
  3683 | D:5      | Reached XP level 7. HP: 51/54 MP: 11/13
  3774 | D:5      | Found a broken altar of Ashenzari.
  4002 | D:5      | Noticed Eustachio
  4009 | D:5      | Killed Eustachio
  4092 | D:5      | Identified the +4 mace of Jiufyrch {freeze, rElec rC+}
  4699 | D:6      | Noticed Prince Ribbit
  4701 | D:6      | Killed Prince Ribbit
  4702 | D:6      | Gained mutation: You have a pair of small antennae on your
                  | head. [demonic ancestry]
  4702 | D:6      | Reached XP level 8. HP: 45/61 MP: 14/14
  4970 | D:6      | Noticed Blork the orc
  4975 | D:6      | Killed Blork the orc
  4976 | D:6      | Reached skill level 5 in Earth Magic
  5323 | D:6      | Noticed Pikel
  5326 | D:6      | Killed Pikel
  5327 | D:6      | Reached skill level 5 in Fighting
  5327 | D:6      | Reached skill level 5 in Spellcasting
  5630 | D:6      | Reached XP level 9. HP: 67/68 MP: 16/16
  5962 | D:7      | Found a flagged portal.
  5990 | Bailey   | Entered a bailey
  6184 | Bailey   | HP: 1/68 [gnoll bouda/+0 halberd (14)]
  6184 | Bailey   | Mangled by a gnoll sergeant

Illustrated notes

Levels and vault maps discovered:
D:1:      sevenhm_arrival_forest_fort_small_4, layout_loops_ring, serial_shops,
          shop_statue, nicolae_shop_behind_doors, nicolae_ecumenical_lake_church
D:2:      layout_rooms, serial_curves, eino_curves_01, eino_curves_03,
          eino_curves_01
D:3:      layout_basic, lemuel_blue_sif_altar, nemelex_dance_club_becter,
          mainiacjoe_overflow_alcove_1
D:4:      layout_basic, led_xom_imps, mainiacjoe_overflow_paths
D:5:      layout_layer_cave, cheibrodos_ashenzari_chains,
          hangedman_decor_points, uniq_eustachio, uniq_grinder
D:6:      layout_loops_ring, elyvilon_altar_4, uniq_prince_ribbit1, uniq_pikel,
          uniq_blork_the_orc
D:7:      layout_basic, minmay_temple_entry_glassed_door, enter_bailey_5
Bailey:   bailey_polearm_gnolls_kennysheep, bailey

Skill      XL: |  1  2  3  4  5  6  7  8  9 |
---------------+----------------------------+-----
Fighting       | 1 2 3 4 5 |  5.2
Earth Magic    | 3 4 5 |  5.6
Spellcasting   | 3 4 5 |  5.3
Transmutations | 1 |  1.0
Dodging        | 2 3 |  3.0
Shields        | 1 2 4 |  4.5
Conjurations   | 1 2 3 |  3.4
Air Magic      | 1 2 3 |  3.0
Stealth        | |  1.7

Action                   |  1- 3 |  4- 6 |  7- 9 || total
-------------------------+-------+-------+-------++-------
Melee: Dagger            |    10 |       |       ||    10
       Unarmed           |     4 |       |       ||     4
       Trident           |    31 |    45 |    67 ||   143
       Punch             |     1 |       |       ||     1
 Cast: Sandblast         |    30 |     6 |     3 ||    39
       Stone Arrow       |       |     1 |     1 ||     2
  Use: Scroll            |     2 |     1 |     3 ||     6
       Potion            |       |       |     1 ||     1
 Stab: Sleeping          |     3 |     1 |     3 ||     7
Armor: Robe              |     5 |     2 |       ||     7
       Leather armour    |       |       |    13 ||    13
Dodge: Dodged            |    21 |    11 |    29 ||    61
Block: Buckler           |       |       |    13 ||    13
